 Dungeon Crawl Stone Soup version 0.32-a0-699-g1ee5eff69a (webtiles) character file.

Game seed: 16447859179339459237

53 BeKind the Chiller (level 3, 0/21 HPs)
             Began as an Octopode Ice Elementalist on Mar 13, 2024.
             Slain by a hobgoblin (3 damage)
             ... on level 3 of the Dungeon.
             The game lasted 00:01:33 (1109 turns).

BeKind the Chiller (Octopode Ice Elementalist)      Turns: 1109, Time: 00:01:33

Health: 0/21       AC:  1    Str:  7    XL:     3   Next: 89%
Magic:  15/15      EV: 12    Int: 19    God:
Gold:   88         SH:  0    Dex: 12    Spells: 6/7 levels left

rFire   + . .        g - +0 dagger
rCold   . . .        (no shield)
rNeg    . . .        (helmet restricted)
rPois   .            (no amulet)
rElec   .            d - ring of protection from fire
rCorr   .            f - ring of magical power
SInv    .            k - ring of flight
Will    .....        (no ring)
Stlth   +++          (no ring)
HPRegen 0.23/turn    (no ring)
MPRegen 0.14/turn    (no ring)
                     (no ring)

%: no passive effects
@: flying
A: almost no armour, amphibious, 8 rings, camouflage 1, gelatinous body 1,
(nimble swimmer 1), tentacles
a: no special abilities


You were on level 3 of the Dungeon.
You visited 1 branch of the dungeon, and saw 3 of its levels.

You collected 88 gold pieces.

Inventory:

Hand Weapons
 g - a +0 dagger (weapon)
Jewellery
 d - a ring of protection from fire (left tentacle)
 f - a ring of magical power (right tentacle)
 k - a ring of flight (on tentacle)
Scrolls
 c - a scroll of brand weapon {unknown}
 e - a scroll of blinking {unknown}
 h - a scroll of teleportation {unknown}
 i - a scroll of fear {unknown}
 j - a scroll of noise {unknown}
 m - a scroll of revelation {unknown}
Potions
 a - a potion of magic
 b - a potion of mutation {unknown}
 l - a potion of curing {unknown}


   Skills:
 + Level 2.8 Dodging
 - Level 3.0 Stealth
 + Level 2.6 Spellcasting
 + Level 4.4 Ice Magic


You had 6 spell levels left.
You knew the following spells:

 Your Spells              Type           Power      Damage    Failure   Level
a - Freeze                Ice            76%        1d8       2%          1

Your spell library contained the following spells:

 Spells                   Type           Power      Damage    Failure   Level
 Frozen Ramparts          Ice            38%        1d6       8%          3
 Ozocubu's Armour         Ice            19%        N/A       8%          3
 Summon Ice Beast         Ice/Summ       10%        N/A       19%         3
 Cigotuvi's Dreadful Rot  Necr/Alch/Air  4%         N/A       24%         2
 Dispel Undead            Necr           2%         3d7       85%         4
 Martyr's Knell           Necr/Summ      2%         N/A       85%         4


Dungeon Overview and Level Annotations

Branches:
Dungeon (3/15)

Altars:

Annotations:
D:2 Sigmund


Innate Abilities, Weirdness & Mutations

You cannot wear most types of armour.
You are amphibious.
You can wear up to eight rings at the same time.
Your skin changes colour to match your surroundings (Stealth+).
Your rubbery body absorbs attacks. (AC +1, EV +1)
((You are camouflaged when in or above water. (Stealth+)))
You have tentacles for arms and can constrict up to eight enemies at once.


Message History

You barely miss the orc. Your grab misses the orc. You squeeze the orc.
The orc is almost dead.
The orc closely misses you. The orc hits you with a +0 hand axe.
The orc barely misses you.
You barely miss the orc. You grab the orc.
The orc is almost dead.
You constrict the orc.
You kill the orc!
The orc hits you with a +0 dagger. The orc hits you with a +0 hand axe.
You hit the orc. You grab the orc. You squeeze the orc.
You kill the orc!
The orc closely misses you.
You barely miss the orc. Your grab misses the orc. The orc barely misses you.
You hit the orc but do no damage. You grab the orc. You constrict the orc.
The orc misses you. The hobgoblin hits you.
You hit the orc but do no damage.
The orc is moderately wounded.
You constrict the orc. The orc hits you with a +0 hand axe.
* * * LOW HITPOINT WARNING * * *
The hobgoblin hits you.
* * * LOW HITPOINT WARNING * * *
You hit the orc but do no damage.
The orc is severely wounded.
You constrict the orc.
You kill the orc!
The hobgoblin misses you.
You hit the hobgoblin. Your grab misses the hobgoblin.
The hobgoblin is lightly wounded.
The hobgoblin closely misses you.
You closely miss the hobgoblin. Your grab misses the hobgoblin.
The hobgoblin is lightly wounded.
The hobgoblin misses you.
You hit the hobgoblin but do no damage. Your grab misses the hobgoblin.
The hobgoblin is lightly wounded.
The hobgoblin hits you.
* * * LOW HITPOINT WARNING * * *
You hit the hobgoblin but do no damage. You grab the hobgoblin.
The hobgoblin is lightly wounded.
You constrict the hobgoblin. The hobgoblin hits you.
You die...

.#..#.. .......
....... .......
....... #
#####.......
....#...#.......
......)@<....#
..#...)g..##.#
#.#...### #
#.... #.### #.
.. ...


You could see a hobgoblin.

Vanquished Creatures
  An orc wizard (D:3)
  4 orcs (D:3)
  3 endoplasms (D:1)
  A giant cockroach (D:1)
  2 goblins (D:1)
  3 hobgoblins
  2 quokkas (D:1)
  A ball python (D:1)
  2 bats (D:1)
  3 frilled lizards (D:1)
  A kobold (D:1)
  4 rats (D:1)
27 creatures vanquished.

Notes
Turn   | Place    | Note
-------+----------+-------------------------------------------
     0 | D:1      | BeKind the Octopode Ice Elementalist began the quest for
                  | the Orb.
     0 | D:1      | Reached XP level 1. HP: 11/11 MP: 3/3
   440 | D:1      | Reached XP level 2. HP: 17/17 MP: 5/5
  1078 | D:2      | Noticed Sigmund
  1095 | D:3      | Reached XP level 3. HP: 21/21 MP: 6/6
  1109 | D:3      | Slain by a hobgoblin

Illustrated notes

Levels and vault maps discovered:
D:1:      evilmike_arrival_rings, layout_loops_ring, minmay_fountain_box
D:2:      layout_basic, chequers_big_river, amcnicky_mini_rare_corridor_liquid,
          grunt_decor_resistance, uniq_sigmund
D:3:      layout_basic, glass_columns_a

Skill      XL: |  1 |
---------------+----+-----
Stealth        | 3 |  3.0
Dodging        | |  2.8
Spellcasting   | |  2.6
Ice Magic      | |  4.4

Action                     || total
---------------------------++-------
  Melee: Unarmed           ||     4
         Constrict         ||     8
         Dagger            ||    32
         Tentacles         ||     6
   Cast: Freeze            ||    15
   Stab: Sleeping          ||     8
 Armour: Skin              ||    23
  Dodge: Dodged            ||    28

Table legend: (Time is in decaauts)
 A = Elapsed time spent in this place.
 B = Non-inter-level travel time spent in this place.
 C = Inter-level travel time spent in this place.
 D = Time resting spent in this place.
 E = Time spent auto-exploring this place.
 F = Levels seen in this place.
 G = Mean time per level.
                   A        B        C        D        E       F      G
               +--------+--------+--------+--------+--------+-----+--------+
         Total |   1106 |   1090 |     16 |      0 |    916 |   3 |  368.7 |
       Dungeon |   1106 |   1090 |     16 |      0 |    916 |   3 |  368.7 |
               +--------+--------+--------+--------+--------+-----+--------+

Top non-repeatable levels by time:
     D:1: 988 daAuts
     D:2: 101 daAuts
     D:3: 16 daAuts
